 Dungeon Crawl Stone Soup version 0.27-a0-1200-g94dc6ad4cf (webtiles) character file.

Game seed: 14210392854033025206

109 freelancePsychic the Ogre Mage (level 4, -1/44 HPs)
             Began as an Ogre Air Elementalist on June 1, 2021.
             Slain by a scorpion (3 damage)
             ... on level 4 of the Dungeon.
             The game lasted 00:05:42 (4100 turns).

freelancePsychic the Ogre Mage (OgAE)               Turns: 4100, Time: 00:05:42

Health: -1/44      AC: 10    Str: 12    XL:     4   Next: 90%
Magic:  2/8        EV:  9    Int: 17    God:
Gold:   132        SH:  0    Dex:  9    Spells: 6/9 levels left

rFire    . . .     SeeInvis .   j - +1 mace (protect)
rCold    . . .     Faith    .   (no shield)
rNeg     . . .     Spirit   .   a - +0 robe
rPois    .         Reflect  .   (helmet restricted)
rElec    .         Harm     .   (no cloak)
rCorr    .         Rampage  .   (gloves unavailable)
Will     .....     Clarity  +   (boots unavailable)
Stlth    +.........             (no amulet)
HPRegen  0.14/turn              (no ring)
MPRegen  0.11/turn              (no ring)

@: lethally poisoned (-1 -> -15), under a protective aura, very slightly
contaminated, invisible
A: large, unfitting armour, tough skin 1, antennae 1, clarity
a: no special abilities


You were on level 4 of the Dungeon.
You visited 1 branch of the dungeon, and saw 4 of its levels.

You collected 132 gold pieces.

Inventory:

Hand Weapons
 c - a +0 whip
 j - a +1 mace of protection (weapon)
Armour
 a - a +0 robe (worn)
 i - a +1 tower shield
Jewellery
 g - an amulet of guardian spirit
Scrolls
 d - 2 scrolls of amnesia
 f - 3 scrolls of brand weapon
 l - a scroll of blinking {unknown}
 n - a scroll of immolation {unknown}
 p - a scroll of identify {@r1}
 q - a scroll of noise {unknown}
 r - a scroll of enchant weapon {unknown}
Potions
 b - a potion of might {unknown}
 k - a potion of lignification {unknown}
 m - a potion of degeneration {unknown}
 s - a potion of brilliance {unknown}


   Skills:
 - Level 2.4 Fighting
 - Level 1.7 Dodging
 - Level 1.4 Stealth
 * Level 1.5 Shields
 - Level 3.3 Spellcasting
 + Level 2.4 Conjurations
 - Level 2.7 Air Magic


You had 6 spell levels left.
You knew the following spells:

 Your Spells              Type           Power      Damage    Failure   Level
a - Shock                 Conj/Air       44%        1d5       6%          1
b - Static Discharge      Conj/Air       11%        N/A       9%          2

Your spell library contained the following spells:

 Spells                   Type           Power      Damage    Failure   Level
 Swiftness                Air            12%        N/A       17%         3
 Airstrike                Air            6%         N/A       50%         4
 Lightning Bolt           Conj/Air       5%         1d17      86%         5


Dungeon Overview and Level Annotations

Branches:
Dungeon (4/15)
 Temple: D:4-7

Altars:
Dithmenos


Innate Abilities, Weirdness & Mutations

You are too large for most types of armour.
You have tough skin. (AC +1)
You have a pair of small antennae on your head.
You possess an exceptional clarity of mind.


Message History

You are poisoned.
The scorpion poisons you!
The scorpion stings you but does no damage.
You barely miss the scorpion.
The scorpion is severely wounded.
You feel very sick.
The scorpion stings you but does no damage.
You closely miss the scorpion.
The scorpion is severely wounded.
You feel very sick. The scorpion barely misses you. The scorpion stings you.
You feel much better.
You feel sick. The scorpion stings you.
You are more poisoned.
The scorpion poisons you!
You fade into invisibility!
You feel very sick. The scorpion stings you.
You are very lightly contaminated with residual magic.
You barely miss the scorpion.
The scorpion is severely wounded.
You feel very sick. The scorpion barely misses you. x2
You hit the scorpion.
Your weapon exudes an aura of protection.
The scorpion is severely wounded.
You feel very sick. The scorpion closely misses you.
The scorpion stings you but does no damage.
You hit the scorpion.
The scorpion is almost dead.
You feel sick. The scorpion stings you.
* * * LOW HITPOINT WARNING * * *
You are lethally poisoned!
The scorpion poisons you!
It was a potion of mutation.
You feel extremely strange. A pair of antennae grows on your head!
Your thoughts seem clearer.
* * * LOW HITPOINT WARNING * * *
You feel very sick. The scorpion stings you.
You die...

#######.# #.##..#..#..
### #.....#.#
#.##).......
#.....#.####.#.........
#............#.........
......#.###......#..#..
........# ##.#.........
##..##### #.##########
#..# #....## #.# #..#
#..##@###.# #..#
#.<###s#.### #..# #..#
##....# #..# #..#
####)# ....# #..# .#
...... ...# # ....###
##.## ....# #. ....# #.


You could see a scorpion.

Vanquished Creatures
  Robin (D:4)
  An adder (D:2)
  4 worms
  3 dart slugs (D:2)
  3 orcs (D:4)
  4 endoplasms
  2 giant cockroaches (D:2)
  12 goblins
  8 hobgoblins
  A jackal (D:3)
  6 ball pythons
  5 bats
  3 frilled lizards
  4 kobolds
  8 rats
65 creatures vanquished.

Notes
Turn   | Place    | Note
-------+----------+-------------------------------------------
     0 | D:1      | freelancePsychic the Ogre Air Elementalist began the quest
                  | for the Orb.
     0 | D:1      | Reached XP level 1. HP: 16/16 MP: 3/3
   134 | D:1      | Reached skill level 1 in Conjurations
   655 | D:1      | Reached skill level 1 in Fighting
   701 | D:1      | Reached XP level 2. HP: 27/27 MP: 2/5
  1082 | D:2      | Learned a level 2 spell: Static Discharge
  1103 | D:2      | Found a faded altar of an unknown god.
  1550 | D:2      | Reached skill level 3 in Spellcasting
  1550 | D:2      | Reached XP level 3. HP: 35/35 MP: 3/7
  2352 | D:2      | Reached XP level 4. HP: 44/44 MP: 5/8
  2559 | D:3      | Found a shadowy altar of Dithmenos.
  3118 | D:4      | Reached skill level 1 in Shields
  3446 | D:4      | Noticed an ogre
  3803 | D:4      | Noticed Robin
  3811 | D:4      | Killed Robin
  4084 | D:4      | Noticed a scorpion
  4100 | D:4      | Gained mutation: You have a pair of small antennae on your
                  | head. [potion of mutation]
  4100 | D:4      | Gained mutation: You possess an exceptional clarity of
                  | mind. [potion of mutation]
  4100 | D:4      | HP: 2/44 [poisoned by a scorpion]
  4100 | D:4      | Slain by a scorpion

Illustrated notes

Levels and vault maps discovered:
D:1:      lordsloth_arrival_two_stooges, layout_basic
D:2:      kennysheep_six_static_rooms, layout_rooms,
          hellmonk_ecumenical_altar_zigzags
D:3:      layout_rooms, grunt_dithmenos_smoke_and_mirrors, serial_glass,
          glass_columns_a, glass_columns_a, st_stairs_2, minmay_distorted
D:4:      layout_loops_ring, marbit_many_paths, temple_hall, uniq_robin

Skill      XL: |  1  2  3  4 |
---------------+-------------+-----
Conjurations   | 1 2 |  2.4
Fighting       | 1 2 |  2.4
Spellcasting   | 3 |  3.3
Shields        | 1 |  1.5
Dodging        | |  1.7
Stealth        | |  1.4
Air Magic      | |  2.7

Action                   |  1- 3 |  4- 6 || total
-------------------------+-------+-------++-------
Melee: Unarmed           |    14 |       ||    14
       Whip              |    36 |    13 ||    49
       Mace              |       |    43 ||    43
 Cast: Shock             |    41 |    15 ||    56
       Static Discharge  |    11 |    14 ||    25
  Use: Scroll            |       |     6 ||     6
       Potion            |       |     3 ||     3
 Stab: Sleeping          |     1 |       ||     1
Armor: Robe              |    25 |    22 ||    47
Dodge: Dodged            |    29 |    30 ||    59

Table legend: (Time is in decaauts)
 A = Elapsed time spent in this place.
 B = Non-inter-level travel time spent in this place.
 C = Inter-level travel time spent in this place.
 D = Time resting spent in this place.
 E = Time spent auto-exploring this place.
 F = Levels seen in this place.
 G = Mean time per level.
                   A        B        C        D        E       F      G
               +--------+--------+--------+--------+--------+-----+--------+
         Total |   4122 |   4034 |     88 |    595 |   2971 |   4 | 1030.5 |
       Dungeon |   4122 |   4034 |     88 |    595 |   2971 |   4 | 1030.5 |
               +--------+--------+--------+--------+--------+-----+--------+

Top non-repeatable levels by time:
     D:2: 1372 daAuts
     D:1: 1076 daAuts
     D:3: 927 daAuts
     D:4: 746 daAuts
